 Dungeon Crawl Stone Soup version 0.27-a0-695-gb4952372f7 (console) character file.

Game seed: 7648390400194282713

20 Gather the Chiller (level 2, 0/17 HPs)
             Began as an Octopode Ice Elementalist on Mar 22, 2021.
             Slain by a giant cockroach (1 damage)
             ... on level 2 of the Dungeon.
             The game lasted 00:03:19 (891 turns).

Gather the Chiller (Octopode Ice Elementalist)       Turns: 891, Time: 00:03:19

Health: 0/17       AC:  1    Str:  7    XL:     2   Next: 79%
Magic:  4/5        EV: 13    Int: 17    God:
Gold:   34         SH:  0    Dex: 12    Spells: 4/5 levels left

rFire    . . .     SeeInvis .   c - +0 dagger
rCold    . . .     Faith    .   (no shield)
rNeg     . . .     Spirit   .   (helmet restricted)
rPois    .         Reflect  .   (no amulet)
rElec    .         Harm     .   (no ring)
rCorr    .         Rampage  .   (no ring)
Will     .....                  (no ring)
Stlth    +++.......             (no ring)
HPRegen  0.05/turn              (no ring)
MPRegen  0.09/turn              (no ring)
                                (no ring)
                                (no ring)

@: no status effects
A: almost no armour, amphibious, 8 rings, camouflage 1, gelatinous body 1,
nimble swimmer 1, tentacles
a: no special abilities


You were on level 2 of the Dungeon.
You visited 1 branch of the dungeon, and saw 2 of its levels.

You collected 34 gold pieces.

Inventory:

Hand Weapons
 a - a +0 club
 c - a +0 dagger (weapon)
 g - a +0 short sword
Missiles
 b - 21 sling bullets
 h - 22 stones
Armour
 e - a +0 buckler
Jewellery
 j - an amulet of guardian spirit
Scrolls
 i - a scroll of identify {unknown}
Potions
 d - 2 potions of haste {unknown}
 f - a potion of mutation {unknown}


   Skills:
 - Level 2.0 Dodging
 - Level 2.6 Stealth
 - Level 2.0 Spellcasting
 + Level 4.8 Ice Magic


You had 4 spell levels left.
You knew the following spells:

 Your Spells              Type           Power      Damage    Failure   Level
a - Freeze                Ice            72%        1d9       2%          1

Your spell library contained the following spells:

 Spells                   Type           Power      Damage    Failure   Level
 Frozen Ramparts          Ice            36%        1d5       9%          3
 Ozocubu's Armour         Ice            18%        N/A       9%          3
 Hailstorm                Conj/Ice       9%         3d4       58%         4
 Summon Ice Beast         Ice/Summ       9%         N/A       58%         4


Dungeon Overview and Level Annotations

Branches:
Dungeon (2/15)

Altars:


Innate Abilities, Weirdness & Mutations

You cannot wear most types of armour.
You are amphibious.
You can wear up to eight rings at the same time.
Your skin changes colour to match your surroundings (Stealth+).
Your rubbery body absorbs attacks. (AC +1, EV +1)
You are stealthy while swimming. (Stealth+)
You have tentacles for arms and can constrict up to eight enemies at once.


Message History

The helpless kobold fails to defend itself.
You puncture the kobold!
You kill the kobold!
You see here a stone.
h - a stone
h - 2 stones (gained 1)
h - 22 stones (gained 20)
i - a scroll labelled PITYMN NIMUETT
Found a short sword.
Done exploring.
Done exploring.
There is a stone staircase leading down here.
You climb downwards.
There is a stone staircase leading up here.
Found a stone staircase leading up.
You now have 34 gold pieces (gained 10).
There is a stone staircase leading up here.
j - an amulet of guardian spirit You open the door.
There is an open door here.
A giant cockroach and a goblin come into view.
The goblin shouts!
You hear an angry hiss.
The goblin wields a +0 hunting sling.
The goblin shoots a stone.
The stone closely misses you.
There is an open door here.
The goblin shoots a stone.
The stone barely misses you.
The goblin shoots a stone.
The stone hits you.
The goblin shoots a stone.
The stone hits you.
* * * LOW HITPOINT WARNING * * *
The goblin unwields a +0 hunting sling.
The goblin hits you.
* * * LOW HITPOINT WARNING * * *
Casting: Freeze (safe; 2% risk of failure)
Confirm with . or Enter, or press ? or * to list all spells.
Aiming: Freeze (safe; 2% risk of failure)
Press: ? - help, Shift-Dir - straight line, f - giant cockroach
Aim: a giant cockroach You freeze the giant cockroach.
The giant cockroach is almost dead.
The giant cockroach bites you but does no damage.
The giant cockroach bites you.
You die...

........###.###
#######.# #.#
#######.###.#
............#
#.######.######
#......<........
#######.########
...........#
.#########.##
........@Bg.#
##########..#
#..#..# #.....#
#..#.#..# #..
#g#..# .
###.#..#
#.g.#..#
#B..###..#
#..g## #..# #..
#...


You could see a giant cockroach and a goblin.

Vanquished Creatures
  A leopard gecko (D:1)
  3 bats (D:1)
  A giant cockroach (D:1)
  4 goblins (D:1)
  2 hobgoblins (D:1)
  A frilled lizard (D:1)
  3 kobolds (D:1)
  3 rats (D:1)
18 creatures vanquished.

Notes
Turn   | Place    | Note
-------+----------+-------------------------------------------
     0 | D:1      | Gather the Octopode Ice Elementalist began the quest for
                  | the Orb.
     0 | D:1      | Reached XP level 1. HP: 11/11 MP: 3/3
    29 | D:1      | Reached XP level 2. HP: 13/17 MP: 1/5
   891 | D:2      | Slain by a giant cockroach

Illustrated notes

Levels and vault maps discovered:
D:1:      elethiomel_arrival_shortcut, layout_rooms
D:2:      minmay_razor_zed, layout_basic, nemelex_altar_shiori,
          lemuel_coloured_pillars_altar, uniq_terence

Action                   || total
-------------------------++-------
Melee: Club              ||     8
       Tentacles         ||     5
       Unarmed           ||     1
       Dagger            ||     9
       Constrict         ||     4
 Cast: Freeze            ||    13
 Stab: Sleeping          ||     3
Armor: Skin              ||     3
Dodge: Dodged            ||    24

Table legend: (Time is in decaauts)
 A = Elapsed time spent in this place.
 B = Non-inter-level travel time spent in this place.
 C = Inter-level travel time spent in this place.
 D = Time resting spent in this place.
 E = Time spent auto-exploring this place.
 F = Levels seen in this place.
 G = Mean time per level.
                   A        B        C        D        E       F      G
               +--------+--------+--------+--------+--------+-----+--------+
         Total |    892 |    892 |      0 |      0 |    674 |   2 |  446.0 |
       Dungeon |    892 |    892 |      0 |      0 |    674 |   2 |  446.0 |
               +--------+--------+--------+--------+--------+-----+--------+

Top non-repeatable levels by time:
     D:1: 847 daAuts
     D:2: 44 daAuts
